 Dungeon Crawl Stone Soup version 0.17-a0-1831-gaadb308 (webtiles) character file.

982 AvaKnavely the Skirmisher (level 7, 0/67 HPs)
             Began as a Minotaur Berserker on Sept 14, 2015.
             Was an Elder of Trog.
             Slain by a centaur (6 damage)
             ... on level 6 of the Dungeon.
             The game lasted 00:11:56 (4208 turns).

AvaKnavely the Skirmisher (Minotaur Berserker)      Turns: 4208, Time: 00:11:56

Health: 0/67       AC:  4    Str: 25    XL:     7   Next: 96%
Magic:  6/6        EV: 12    Int:  4    God:    Trog [****..]
Gold:   167        SH:  0    Dex: 10    Spells: 0 memorised, 6 levels left

rFire  . . .     SeeInvis .     f - +0 war axe (venom)
rCold  . . .     Clarity  .     t - +1 robe of Noon {-Cast Str+2 Slay+3}
rNeg   . . .     SustAt   .     (no shield)
rPois  .         Gourm    .     (helmet restricted)
rElec  .         Spirit   .     u - +0 cloak
rCorr  .         Warding  .     (no gloves)
rMut   .         Stasis   .     (no boots)
MR     .....     NoCast   +     (no amulet)
Stlth  +.........               (no ring)
                                (no ring)

@: not resistant to hostile enchantments, very unstealthy
A: retaliatory headbutt, horns 2
a: Burn Spellbooks, Berserk, Trog's Hand, Brothers in Arms, Renounce Religion


You were on level 6 of the Dungeon.
You worshipped Trog.
Trog was greatly pleased with you.
You were hungry.

You visited 2 branches of the dungeon, and saw 7 of its levels.

You collected 257 gold pieces.
You spent 90 gold pieces at shops.

Inventory:

Hand weapons
 a - a +0 hand axe
 f - a +0 war axe of venom (weapon)
Armour
 b - a +0 animal skin
 n - a +0 ring mail
 t - the +1 robe of Noon (worn) {-Cast Str+2 Slay+3}
   (You found it on level 4 of the Dungeon)

   It affects your strength (+2).
   It affects your accuracy and damage with ranged weapons and melee attacks
   (+3).
   It prevents spellcasting.
 u - a +0 cloak (worn)
Jewellery
 j - an uncursed ring of teleportation
 m - a -3 ring of protection
Magical devices
 e - a wand of enslavement (13)
 w - a wand of teleportation (2)
Scrolls
 d - 2 scrolls of recharging
 h - a scroll of fog {unknown}
 l - a scroll of random uselessness {unknown}
 p - 4 scrolls of noise {unknown}
 q - a scroll of fear {unknown}
 x - a scroll of remove curse
 y - a scroll of teleportation {unknown}
Potions
 g - 2 potions of haste
 i - 2 potions of curing
 r - a potion of might
 v - a potion of agility {unknown}
Comestibles
 c - 3 bread rations
 k - 4 meat rations
 o - a beef jerky
 s - 2 royal jellies


   Skills:
 + Level 7.9 Fighting
 + Level 7.7 Axes
 + Level 5.4 Armour
 - Level 2.1 Dodging


You had 6 spell levels left.
You didn't know any spells.

Dungeon Overview and Level Annotations

Branches:
Dungeon (6/15)             Temple (1/1) D:4

Altars:
Ashenzari
Cheibriados
Dithmenos
Elyvilon
Gozag
Kikubaaqudgha
Nemelex Xobeh
Qazlal
Vehumet
Yredelemnul

Shops:
D:4 !*


Innate Abilities, Weirdness & Mutations

You reflexively headbutt those who attack you in melee.
You have a pair of horns on your head.


Message History

The centaur hits you!
You slash the centaur!
The centaur is poisoned.
You headbutt the centaur!
The centaur is severely wounded.
The centaur hits you.
* * * LOW HITPOINT WARNING * * *
The centaur hits you!
* * * LOW HITPOINT WARNING * * *
You barely miss the centaur.
The centaur is severely wounded.
The centaur hits you.
* * * LOW HITPOINT WARNING * * *
The centaur barely misses you.
You barely miss the centaur.
The centaur is almost dead.
The centaur hits you.
* * * LOW HITPOINT WARNING * * *
You barely miss the centaur. Your headbutt misses the centaur.
The centaur is almost dead.
The centaur hits you.
You die...

#....###.....##.......
#..........#......####
#....##...............
#....###.#.........##.
#....#..>..........##.
#....#.##..........##.
####..................
#...###............
######.@#####.......#...
#......c...#... ....#.
#.............. ..##.
#...[.......... .. ..
#.........._... ###
#########.$.... ......
#####.


You could see a centaur.

Vanquished Creatures
  The ghost of edsrzf the Poker, an average OpBe of Trog (D:3)
  A black bear (D:4)
  An orc warrior (D:6)
  A giant frog (D:6)
  A scorpion (D:4)
  An iguana (D:6)
  3 orc priests (D:4)
  4 orc wizards
  7 worker ants
  A worker ant zombie (D:6)
  6 adders
  A shadow imp (D:6)
  An ooze (D:1)
  4 worms
  An adder skeleton (D:5)
  4 giant geckos
  17 orcs
  A ball python (D:2)
  8 giant cockroaches
  8 goblins
  5 hobgoblins
  3 quokkas
  8 bats
  4 giant newts
  6 jackals (D:2)
  7 kobolds
  9 rats
  A spectral orc (D:4)
115 creatures vanquished.

Notes
Turn   | Place    | Note
--------------------------------------------------------------
     0 | D:1      | AvaKnavely the Minotaur Berserker began the quest for the Orb.
     0 | D:1      | Reached XP level 1. HP: 19/19 MP: 0/0
   186 | D:1      | Reached skill level 4 in Axes
   186 | D:1      | Reached XP level 2. HP: 16/27 MP: 1/1
   671 | D:2      | Reached XP level 3. HP: 17/34 MP: 2/2
   914 | D:2      | Acquired Trog's second power
  1200 | D:2      | Reached skill level 5 in Fighting
  1200 | D:2      | Reached XP level 4. HP: 25/42 MP: 3/3
  1228 | D:2      | Found a stormy altar of Qazlal.
  1229 | D:2      | Found a white marble altar of Elyvilon.
  1320 | D:2      | Found a shadowy altar of Dithmenos.
  1364 | D:2      | Found a sparkling altar of Nemelex Xobeh.
  1466 | D:2      | Reached skill level 5 in Axes
  1715 | D:3      | Noticed edsrzf's ghost (average OpBe)
  1725 | D:3      | Killed edsrzf's ghost
  1725 | D:3      | Reached skill level 6 in Fighting
  1725 | D:3      | Reached XP level 5. HP: 21/50 MP: 4/4
  2078 | D:3      | Reached XP level 6. HP: 57/57 MP: 5/5
  2320 | D:4      | Found Qesmoegu's Distillery.
  2526 | D:4      | Bought a potion of heal wounds for 50 gold pieces
  2526 | D:4      | Bought a potion of might for 40 gold pieces
  2916 | D:4      | Found a snail-covered altar of Cheibriados.
  2942 | D:4      | Found a staircase to the Ecumenical Temple.
  2983 | Temple   | Entered the Ecumenical Temple
  3014 | D:4      | Got a heavily jewelled robe
  3025 | D:4      | Identified the cursed +1 robe of Noon {-Cast Str+2 Slay+3} (You found it on level 4 of the Dungeon)
  3202 | D:4      | Reached skill level 7 in Fighting
  3202 | D:4      | Reached XP level 7. HP: 22/66 MP: 6/6
  3295 | D:4      | Found an opulent altar of Gozag.
  3375 | D:4      | Found Gozag's Platinum Reserve.
  3568 | D:4      | Found a basalt altar of Yredelemnul.
  3835 | D:5      | Entered Level 5 of the Dungeon
  4081 | D:5      | You fall through a shaft!
  4088 | D:6      | Reached skill level 5 in Armour
  4093 | D:6      | Acquired Trog's third power
  4198 | D:6      | Found a radiant altar of Vehumet.
  4208 | D:6      | Slain by a centaur

Vault maps used:
D:1:      dpeg_arrival_pond
D:2:      minitemple, nicolae_overflow_hidden_temple,
          nemelex_diamond_rough_becter
D:3:      grunt_ministairs_10, grunt_decor_fettered
D:4:      black_bear_nest_2, yredelemnul_forgotten_temple_becter,
          nicolae_gozag_zags_fifth_avenue, lemuel_coloured_pillars_altar,
          minmay_temple_entry_mist, serial_shops, shop
D:5:      first_bread
D:6:      wad_river_or_something, basic_altar
Temple:   nicolae_temple_great_sept

Action                   |  1- 3 |  4- 6 |  7- 9 || total
-------------------------+-------+-------+-------++-------
Melee: Hand axe          |    93 |   154 |    30 ||   277
       War axe           |       |       |    36 ||    36
Invok: Burn Spellbooks   |       |     1 |       ||     1
       Berserk           |       |       |     1 ||     1
  Use: Scroll            |       |     4 |     2 ||     6
       Potion            |       |       |     2 ||     2
 Stab: Sleeping          |     2 |     2 |     1 ||     5
  Eat: Chunk             |     1 |     6 |     4 ||    11
